[Event "Titled Tuesday Blitz June 20 Late 2023"]
[White "Sjugirov, Sanan"]
[Black "Subelj, Jan"]
[WhiteFideId "4189302"]
[BlackFideId "14618583"]
[WhiteElo "2569"]
[BlackElo "2499"]
[Result "1-0"]
[Round "5"]
[TimeControl "180+2"]
[Date "2023.06.20"]
[WhiteClock "0:00:11"]
[BlackClock "0:00:01"]
[Board "51"]

1. d4 c6 2. c4 d5 3. Nf3 Nf6 4. e3 Bf5 5. Nc3 e6 6. Nh4 Bg4 7. Qb3 Qb6 8. h3 Bh5 9. g4 Bg6 10. g5 Nfd7 11. Nxg6 hxg6 12. Bd2 Be7 13. f4 dxc4 14. Bxc4 Qc7 15. O-O-O Nb6 16. Be2 N8d7 17. Kb1 c5 18. Nb5 Qc6 19. Rc1 a6 20. Na3 Qd6 21. Nc2 Rc8 22. Qd3 cxd4 23. Qxd4 O-O 24. Qxd6 Bxd6 25. Rhd1 Rfd8 26. Ba5 Bc7 27. Bf3 Nc4 28. Bxc7 Rxc7 29. Nb4 Rdc8 30. Rc3 Ndb6 31. Be2 Na4 32. Rxc4 Rxc4 33. Bxc4 Rxc4 34. Rd8+ Kh7 35. Nd3 Re4 36. Ne5 Rxe3 37. Nxf7 Re1+ 38. Kc2 Re2+ 39. Kd1 1-0


[Site "https://www.chess.com"]

[Event "Titled Tuesday Blitz June 20 Late 2023"]
[White "Harsh Suresh"]
[Black "Jarmula, Lukasz"]
[WhiteFideId "45018464"]
[BlackFideId "1160664"]
[WhiteElo "2209"]
[BlackElo "2372"]
[Result "1-0"]
[Round "5"]
[TimeControl "180+2"]
[Date "2023.06.20"]
[WhiteClock "0:02:34"]
[BlackClock "0:02:35"]
[Board "52"]

1. e4 d6 2. d4 Nf6 3. Nc3 e5 4. Nf3 exd4 5. Nxd4 Be7 6. g3 d5 7. e5 Ng4 8. e6 Nf6 9. exf7+ Kxf7 10. Bg2 Re8 11. O-O c6 12. Bf4 Nbd7 13. Re1 Nc5 14. Qd2 Bf5 15. Nxf5 1-0


[Site "https://www.chess.com"]

[Event "Titled Tuesday Blitz June 20 Late 2023"]
[White "Hambleton, Aman"]
[Black "Fishbein, Alexander"]
[WhiteFideId "2606577"]
[BlackFideId "2000377"]
[WhiteElo "2511"]
[BlackElo "2403"]
[Result "0-1"]
[Round "5"]
[TimeControl "180+2"]
[Date "2023.06.20"]
[WhiteClock "0:00:00"]
[BlackClock "0:00:57"]
[Board "53"]

1. d4 c5 2. d5 Nf6 3. c4 b5 4. cxb5 a6 5. bxa6 e6 6. Nc3 exd5 7. Nxd5 Be7 8. Nxe7 Qxe7 9. e3 O-O 10. Nf3 d5 11. Be2 Bxa6 12. O-O Nc6 13. b3 Bxe2 14. Qxe2 d4 15. Qc4 Na5 16. Qc2 Qe4 17. Qxe4 Nxe4 18. Nd2 Nc3 19. exd4 cxd4 20. Bb2 Rfe8 21. Nf3 Nc6 22. Kh1 Re2 23. Nxd4 Rxb2 24. Nxc6 Raxa2 25. Rac1 Rc2 0-1


[Site "https://www.chess.com"]

[Event "Titled Tuesday Blitz June 20 Late 2023"]
[White "Principe, Gerson"]
[Black "Nazari, Arad"]
[WhiteFideId "3804550"]
[BlackFideId "12577324"]
[WhiteElo "2229"]
[BlackElo "2175"]
[Result "0-1"]
[Round "5"]
[TimeControl "180+2"]
[Date "2023.06.20"]
[WhiteClock "0:00:03"]
[BlackClock "0:00:05"]
[Board "54"]

1. Nf3 c5 2. e3 g6 3. d4 cxd4 4. exd4 Bg7 5. c3 Nf6 6. Bd3 O-O 7. O-O b6 8. Bg5 Bb7 9. Nbd2 d6 10. Re1 Nbd7 11. Ne4 Nxe4 12. Bxe4 Bxe4 13. Rxe4 Nf6 14. Bxf6 Bxf6 15. h4 h5 16. Qb3 Qd7 17. Rae1 Qf5 18. a4 Rab8 19. Qb5 Kg7 20. R4e3 Rb7 21. g3 Rc7 22. Ng5 Bxg5 23. hxg5 e6 24. Qxf5 gxf5 25. f4 d5 26. Kf2 Kg6 27. Ra1 Rb8 28. Re2 Rc4 29. Ke3 a6 30. Kd3 Rbc8 31. Rh2 Rh8 32. Rh3 f6 33. gxf6 Kxf6 34. Rah1 Kg6 35. b3 Rc6 36. Rc1 Rc7 37. Rc2 Rg7 38. Rch2 Rh6 39. c4 Kf6 40. c5 bxc5 41. dxc5 Rhg6 42. Kd4 Rxg3 43. Rxg3 Rxg3 44. c6 Ke7 45. b4 Kd6 46. b5 axb5 47. axb5 Rb3 48. Rc2 Rb4+ 49. Kd3 Kc7 50. Re2 Kd6 51. Rc2 Rc4 52. Rh2 Rb4 53. Rxh5 Rxb5 54. Rh6 Rc5 55. c7 Rxc7 56. Rh8 Rc4 57. Rd8+ Ke7 58. Ra8 Rxf4 0-1


[Site "https://www.chess.com"]

[Event "Titled Tuesday Blitz June 20 Late 2023"]
[White "Yuan, Qingyu"]
[Black "Piesik, Piotr"]
[WhiteFideId "8609772"]
[BlackFideId "1136194"]
[WhiteElo "2359"]
[BlackElo "2303"]
[Result "0-1"]
[Round "5"]
[TimeControl "180+2"]
[Date "2023.06.20"]
[WhiteClock "0:00:00"]
[BlackClock "0:00:12"]
[Board "55"]

1. e4 g6 2. d4 Bg7 3. Nf3 c6 4. h3 d6 5. Bd3 Nd7 6. O-O e5 7. c3 Ngf6 8. Re1 O-O 9. a4 Qc7 10. Nbd2 Re8 11. Nf1 Rb8 12. Ng3 b6 13. Be3 a6 14. Qb3 b5 15. axb5 axb5 16. Ng5 Nf8 17. f4 Ne6 18. fxe5 dxe5 19. Nf1 exd4 20. cxd4 Nxg5 21. Bxg5 Nh5 22. e5 Be6 23. Qc3 b4 24. Qc5 Bf8 25. Qa5 Qd7 26. Be3 Nf4 27. Be4 Nd5 28. Bf2 Qb7 29. Qa7 Qc8 30. Rec1 Bh6 31. Rc5 Ra8 32. Qxa8 Qxa8 33. Rxa8 Rxa8 34. Rxc6 Ra1 35. Bd3 Ne3 36. Bxe3 Bxe3+ 37. Kh2 Bxd4 38. g3 Bxb2 39. Rb6 Bd4 40. Rxb4 Ra2+ 0-1


[Site "https://www.chess.com"]

[Event "Titled Tuesday Blitz June 20 Late 2023"]
[White "Can, Isik"]
[Black "Leenhouts, Koen"]
[WhiteFideId "6383742"]
[BlackFideId "1008439"]
[WhiteElo "2374"]
[BlackElo "2409"]
[Result "1-0"]
[Round "5"]
[TimeControl "180+2"]
[Date "2023.06.20"]
[WhiteClock "0:00:04"]
[BlackClock "0:00:00"]
[Board "56"]

1. e4 e5 2. Nf3 Nc6 3. Bb5 g6 4. O-O Bg7 5. d3 d6 6. c3 Bd7 7. d4 a6 8. Ba4 Nge7 9. Re1 O-O 10. d5 Nb8 11. Bxd7 Nxd7 12. c4 h6 13. Nc3 f5 14. h3 Nf6 15. Qd3 Qd7 16. Bd2 Rab8 17. Rac1 b5 18. c5 b4 19. cxd6 cxd6 20. Nd1 fxe4 21. Rxe4 Nxe4 22. Qxe4 Qf5 23. Qe2 e4 24. Nh2 Qxd5 25. Ne3 Qd3 26. Qe1 Rbc8 27. Rd1 Nf5 28. Bxb4 Qb5 29. Nxf5 Qxf5 30. Bxd6 Rfe8 31. Ng4 h5 32. Ne3 Qe6 33. b3 Rcd8 34. Bc5 Rxd1 35. Qxd1 Rc8 36. b4 Qxa2 37. Qd7 Qa1+ 38. Kh2 Rxc5 39. bxc5 Qe5+ 40. g3 Qxc5 41. Qe6+ Kh7 42. Qxa6 Qe5 43. Qc4 Bh6 44. Qf7+ Bg7 45. Kg2 Qd4 46. Qe6 Qe5 47. Qd7 Qf6 48. h4 Qf3+ 49. Kg1 Kh6 50. Qe7 Bd4 51. Qd8 Bg7 52. Nd5 Qd1+ 53. Kg2 Qf3+ 54. Kg1 Qd1+ 55. Kh2 Qf3 56. Qg5+ Kh7 57. Qd2 Be5 58. Ne3 Qf6 59. Qd7+ 1-0


[Site "https://www.chess.com"]

[Event "Titled Tuesday Blitz June 20 Late 2023"]
[White "WindWhistler11"]
[Black "Fodor, Tamas Jr."]
[BlackFideId "723762"]
[WhiteElo "2556"]
[BlackElo "2504"]
[Result "0-1"]
[Round "5"]
[TimeControl "180+2"]
[Date "2023.06.20"]
[WhiteClock "0:00:00"]
[BlackClock "0:00:56"]
[Board "57"]

1. Nf3 d5 2. c4 c6 3. g3 Bg4 4. Bg2 e6 5. Qc2 Nd7 6. b3 Ngf6 7. Bb2 Bd6 8. d3 O-O 9. O-O a5 10. Nc3 Qb6 11. Rac1 Rfe8 12. Na4 Qa7 13. c5 Bc7 14. e4 e5 15. Rfe1 Rad8 16. h3 Bh5 17. Nh4 Nf8 18. g4 Bg6 19. Nf5 Ne6 20. Rcd1 Nf4 21. Bf1 Bxf5 22. gxf5 Kh8 23. Kh2 Qb8 24. Bc1 g6 25. fxg6 fxg6 26. Bxf4 exf4 27. f3 d4 28. h4 Rd7 29. Bh3 Rde7 30. Rg1 Qd8 31. Rg5 Re5 32. Rdg1 Nh5 33. R1g4 Qf6 34. Nb2 Rxg5 0-1


[Site "https://www.chess.com"]

[Event "Titled Tuesday Blitz June 20 Late 2023"]
[White "Barp, Alberto"]
[Black "Sreyas Payyappat"]
[WhiteFideId "872555"]
[BlackFideId "46674969"]
[WhiteElo "2313"]
[BlackElo "2043"]
[Result "1-0"]
[Round "5"]
[TimeControl "180+2"]
[Date "2023.06.20"]
[WhiteClock "0:00:36"]
[BlackClock "0:00:03"]
[Board "58"]

1. Nf3 Nf6 2. c4 c5 3. Nc3 Nc6 4. e3 g6 5. d4 cxd4 6. exd4 d5 7. cxd5 Nxd5 8. Bc4 Nxc3 9. Qb3 e6 10. bxc3 Bg7 11. Ba3 Bf8 12. Bc1 Bg7 13. Ba3 Bf8 14. Bxf8 Kxf8 15. O-O Kg7 16. Qb2 b6 17. Rad1 Na5 18. Be2 Bb7 19. c4 Qf6 20. Ne5 Rhd8 21. Rfe1 Rac8 22. Bf1 Rd6 23. Ng4 Qg5 24. c5 Rd5 25. Ne3 Rdd8 26. cxb6 axb6 27. d5+ Qf6 28. Qxb6 exd5 29. Qxa5 d4 30. Ng4 Qf4 31. Qe5+ Qxe5 32. Nxe5 Rc2 33. Bc4 f6 34. Bb3 Rc3 35. Nd3 Rd7 36. Nf4 d3 37. Re3 g5 38. Rexd3 Rdxd3 39. Nxd3 f5 40. f3 f4 41. Nc5 Rxc5 42. Rd7+ Kg6 43. Rxb7 h5 44. Rb6+ Kf5 45. a4 g4 46. Rb5 Rxb5 47. axb5 g3 48. hxg3 fxg3 49. b6 Kg5 50. b7 Kh4 51. b8=Q Kg5 1-0


[Site "https://www.chess.com"]

[Event "Titled Tuesday Blitz June 20 Late 2023"]
[White "Richter, Paul"]
[Black "Timmermans, Mark"]
[WhiteFideId "2046350"]
[BlackFideId "1026399"]
[WhiteElo "2543"]
[BlackElo "2460"]
[Result "0-1"]
[Round "5"]
[TimeControl "180+2"]
[Date "2023.06.20"]
[WhiteClock "0:00:00"]
[BlackClock "0:01:34"]
[Board "59"]

1. e4 e5 2. Nf3 Nc6 3. Bb5 f5 4. d3 fxe4 5. dxe4 Nf6 6. O-O d6 7. Bg5 Be7 8. Nc3 O-O 9. Qd3 Kh8 10. Bxf6 Bxf6 11. h3 Qe8 12. Nd5 Bd8 13. c4 Qh5 14. Nh2 Nd4 15. Ba4 Ne2+ 16. Kh1 Nf4 17. Nxf4 exf4 18. Bd1 Qg6 19. Bg4 Bf6 20. Bxc8 Raxc8 21. Rad1 Bxb2 22. Rb1 Qf6 23. Qe2 Bd4 24. Rxb7 Bb6 25. a4 a5 26. Qd3 Qe6 27. Nf3 Rfe8 28. Ng5 Qg6 29. h4 h6 30. Nf3 Qxe4 31. Qxe4 Rxe4 0-1


[Site "https://www.chess.com"]

[Event "Titled Tuesday Blitz June 20 Late 2023"]
[White "Lizak, Peter"]
[Black "Ortega Amarelle, Mariano"]
[WhiteFideId "731595"]
[BlackFideId "3504301"]
[WhiteElo "2420"]
[BlackElo "2392"]
[Result "0-1"]
[Round "5"]
[TimeControl "180+2"]
[Date "2023.06.20"]
[WhiteClock "0:00:00"]
[BlackClock "0:00:26"]
[Board "60"]

1. d4 d5 2. Nf3 c6 3. c4 Nf6 4. Nc3 dxc4 5. a4 Bf5 6. Ne5 e6 7. Nxc4 c5 8. e3 cxd4 9. exd4 Bb4 10. Be2 O-O 11. O-O Nc6 12. Be3 Nd5 13. Nxd5 Qxd5 14. b3 Rfd8 15. a5 Bc3 16. Ra4 Nxd4 17. Bxd4 Bxd4 18. Bf3 Qb5 19. Nd6 Rxd6 20. Rxd4 Rxd4 21. Qxd4 Qxa5 22. Bxb7 Rd8 23. Qh4 h6 24. h3 Qb6 25. Bf3 Rd4 26. Qe7 Rd2 27. Qe8+ Kh7 28. Qxf7 Bd3 29. Kh2 Qd6+ 30. Kg1 Qd4 31. Rc1 Rxf2 32. Kh2 Qe5+ 33. Kg1 Qe3 0-1


[Site "https://www.chess.com"]

[Event "Titled Tuesday Blitz June 20 Late 2023"]
[White "Lamard, Guillaume"]
[Black "MaryanKyrychenko"]
[WhiteFideId "600261"]
[WhiteElo "2413"]
[BlackElo "2529"]
[Result "0-1"]
[Round "5"]
[TimeControl "180+2"]
[Date "2023.06.20"]
[WhiteClock "0:00:43"]
[BlackClock "0:00:54"]
[Board "61"]

1. e4 c5 2. Nf3 d6 3. Bb5+ Nd7 4. a4 g6 5. O-O Bg7 6. Nc3 Nf6 7. a5 a6 8. Bc4 O-O 9. d3 b5 10. axb6 Nxb6 11. Re1 Bb7 12. Bg5 Nxc4 13. dxc4 h6 14. Bh4 Qb6 15. b3 g5 16. Bg3 Nh5 17. Na4 Qc7 18. Ra2 Nxg3 19. hxg3 Rad8 20. Qd3 Rfe8 21. Nc3 e6 22. g4 Qe7 23. Re3 Qf6 24. g3 Qg6 25. Ra5 Bxc3 26. Qxc3 Bxe4 27. Rxa6 Bxc2 28. Nd2 d5 29. cxd5 Rxd5 30. Ra2 Bd1 31. Qc4 Red8 32. Nf3 Bxf3 33. Rxf3 Qb1+ 34. Kg2 Qxa2 35. Rxf7 Kxf7 36. Qe4 Qb2 0-1


[Site "https://www.chess.com"]

[Event "Titled Tuesday Blitz June 20 Late 2023"]
[White "Haydon, David L"]
[Black "Muradov, Soltan"]
[WhiteFideId "415405"]
[BlackFideId "14002108"]
[WhiteElo "2326"]
[BlackElo "2163"]
[Result "1-0"]
[Round "5"]
[TimeControl "180+2"]
[Date "2023.06.20"]
[WhiteClock "0:01:08"]
[BlackClock "0:00:00"]
[Board "62"]

1. d4 Nf6 2. Nc3 d5 3. Bf4 g6 4. e3 Bg7 5. Nb5 Na6 6. c4 O-O 7. Nf3 c5 8. Be2 Bg4 9. O-O dxc4 10. dxc5 Bxf3 11. Bxf3 Nxc5 12. Qc2 a6 13. Rfd1 Qa5 14. Na3 b5 15. Bxa8 Rxa8 16. Be5 Nd3 17. Bc3 Qc7 18. Bxf6 Bxf6 19. Rxd3 Bxb2 20. Rad1 Bf6 21. Rd7 Qa5 22. Nb1 Kg7 23. a3 Rc8 24. g3 h5 25. h4 Rc6 26. Rb7 Re6 27. Rdd7 Qe1+ 28. Kg2 Qa5 29. Nd2 c3 30. Ne4 Be5 31. Rxe7 Rxe7 32. Rxe7 Qxa3 33. Rxe5 b4 34. Ng5 Qb2 35. Qe4 c2 36. Re7 1-0


[Site "https://www.chess.com"]

[Event "Titled Tuesday Blitz June 20 Late 2023"]
[White "Kochiev, Ivan"]
[Black "Goryachkina, Aleksandra"]
[WhiteFideId "2917890"]
[BlackFideId "4147103"]
[WhiteElo "2287"]
[BlackElo "2471"]
[Result "1/2-1/2"]
[Round "5"]
[TimeControl "180+2"]
[Date "2023.06.20"]
[WhiteClock "0:00:04"]
[BlackClock "0:00:05"]
[Board "63"]

1. e4 c6 2. d4 d5 3. Nc3 dxe4 4. Nxe4 Nd7 5. Nf3 Ngf6 6. Ng3 g6 7. h4 h5 8. Bd3 Bg7 9. c3 Ng4 10. Qc2 O-O 11. Ng5 Qe8 12. f4 c5 13. d5 Ndf6 14. c4 b5 15. O-O bxc4 16. Bxc4 Bb7 17. f5 Nxd5 18. Qb3 Qc6 19. N3e4 gxf5 20. Rxf5 e6 21. Rf1 f5 22. Nxe6 fxe4 23. Nxf8 Rxf8 24. Bg5 Bd4+ 25. Kh1 Rxf1+ 26. Rxf1 Kg7 27. Qg3 Be5 28. Qh3 Qd7 29. Be2 e3 30. b3 Nc3 31. Bf3 e2 32. Re1 Bxf3 33. Qxf3 Qd5 34. Qxd5 Nxd5 35. Rxe2 Bd4 36. Re6 Kf7 37. Ra6 Nf2+ 38. Kh2 Ng4+ 39. Kh1 Nc3 40. Rxa7+ Ke6 41. Rh7 Ne4 42. g3 Nxg3+ 43. Kg2 Ne4 44. Rxh5 Nxg5 45. Rxg5 Ne3+ 46. Kf3 Kf6 47. Rg1 Nf5 48. Rf1 Kg6 49. Kg4 Ne3+ 50. Kf3 Nxf1 51. Ke4 Nd2+ 52. Kd3 Nb1 53. b4 Nc3 54. bxc5 Bxc5 55. Kxc3 Kh5 56. Kc4 Ba3 57. Kb3 Bc5 58. Kc4 Ba7 59. a4 Kxh4 60. Kb5 Be3 61. Ka6 Bf2 62. Kb7 Be1 63. a5 Bxa5 1/2-1/2


[Site "https://www.chess.com"]

[Event "Titled Tuesday Blitz June 20 Late 2023"]
[White "Gascon Del Nogal, Jose Rafael"]
[Black "Sai Krishna G V"]
[WhiteFideId "3902463"]
[BlackFideId "5028280"]
[WhiteElo "2473"]
[BlackElo "2359"]
[Result "1/2-1/2"]
[Round "5"]
[TimeControl "180+2"]
[Date "2023.06.20"]
[WhiteClock "0:00:05"]
[BlackClock "0:00:05"]
[Board "64"]

1. d4 Nf6 2. Nf3 g6 3. Bg5 Bg7 4. Nbd2 c5 5. e3 d5 6. c3 Nc6 7. Be2 O-O 8. O-O Nd7 9. a3 f6 10. Bh4 Qc7 11. b4 c4 12. Bg3 Qd8 13. e4 e6 14. a4 b6 15. Nxc4 dxc4 16. Bxc4 Qe8 17. d5 Nce5 18. Bb5 Qe7 19. Nd4 exd5 20. exd5 Qd6 21. f4 Nf7 22. Ne6 Re8 23. f5 Nde5 24. Bxe8 gxf5 25. Bxf7+ Kxf7 26. Rxf5 Bxe6 27. dxe6+ Qxe6 28. Qh5+ Kg8 29. Bxe5 fxe5 30. Raf1 e4 31. Rf7 Re8 32. Rxa7 e3 33. Qg5 Qe5 34. Qxe5 Bxe5 35. Re1 Bxc3 36. Re2 Bxb4 37. g4 Re4 38. h3 Bc5 39. Ra8+ Kg7 40. Kg2 Kg6 41. Kf3 Rb4 42. h4 h5 43. Rg8+ Kh7 44. Rg5 hxg4+ 45. Rxg4 Rb1 46. h5 Rf1+ 47. Ke4 Rh1 48. Rg5 Rh4+ 49. Kd5 Rxa4 50. Reg2 Ra7 51. h6 Rd7+ 52. Kc6 Rd6+ 53. Kc7 Re6 54. Rg7+ Kxh6 55. R7g3 Re5 56. Rg8 Kh7 57. R2g7+ Kh6 58. Rg2 Kh7 59. R8g7+ Kh8 60. Rg8+ Kh7 1/2-1/2


[Site "https://www.chess.com"]

[Event "Titled Tuesday Blitz June 20 Late 2023"]
[White "Kovalevsky, Stanislav"]
[Black "Papasimakopoulos, Alexandros"]
[WhiteFideId "13508598"]
[BlackFideId "4244125"]
[WhiteElo "2112"]
[BlackElo "2359"]
[Result "1-0"]
[Round "5"]
[TimeControl "180+2"]
[Date "2023.06.20"]
[WhiteClock "0:00:05"]
[BlackClock "0:00:51"]
[Board "65"]

1. c4 e6 2. e4 d5 3. exd5 exd5 4. cxd5 Nf6 5. Nc3 Nxd5 6. Bc4 Nb6 7. Bb3 Be7 8. Nf3 O-O 9. O-O Bg4 10. h3 Bh5 11. g4 Bg6 12. d4 Nc6 13. Ne2 Na5 14. Bc2 Bxc2 15. Qxc2 Nac4 16. Bf4 Bd6 17. b3 Bxf4 18. bxc4 Bg5 19. Rad1 Re8 20. Ng3 Bf4 21. Rfe1 Bxg3 22. fxg3 Qd6 23. Kg2 Qc6 24. c5 Nd5 25. h4 Ne3+ 26. Rxe3 Rxe3 27. Rf1 Rae8 28. Rf2 h6 29. Qf5 Qe4 30. Qxe4 R8xe4 31. g5 Re2 32. gxh6 gxh6 33. a4 c6 34. a5 a6 35. h5 Kg7 36. Nh4 Rxf2+ 37. Kxf2 Kf6 38. Nf3 Ke6 39. Kf1 Re3 40. Kf2 Ra3 41. Ne5 Rxa5 42. Ng4 Ra2+ 43. Kf3 a5 44. Nxh6 Rh2 45. g4 a4 46. Nf5 a3 47. Kg3 Rxh5 48. Ng7+ Ke7 49. gxh5 a2 50. Kg4 a1=Q 51. Kg5 Qg1+ 52. Kh6 Qxd4 53. Nf5+ Kf6 54. Nxd4 Ke5 55. Ne2 Kf6 56. Kh7 Kg5 57. h6 f5 58. Kg7 f4 59. Nxf4 Kxf4 60. h7 Ke5 61. h8=Q Kd5 62. Qf8 Kc4 63. Qd6 b5 64. cxb6 1-0


[Site "https://www.chess.com"]

[Event "Titled Tuesday Blitz June 20 Late 2023"]
[White "Wang, Isaac"]
[Black "Katz, Alexander"]
[WhiteFideId "30977185"]
[BlackFideId "2039796"]
[WhiteElo "2402"]
[BlackElo "2389"]
[Result "0-1"]
[Round "5"]
[TimeControl "180+2"]
[Date "2023.06.20"]
[WhiteClock "0:00:25"]
[BlackClock "0:00:58"]
[Board "66"]

1. d4 Nf6 2. c4 d6 3. Nc3 g6 4. e4 Bg7 5. Be2 c5 6. d5 a6 7. Nf3 e6 8. O-O exd5 9. exd5 O-O 10. Bd3 Re8 11. Bg5 Bg4 12. h3 Bxf3 13. Qxf3 Nbd7 14. Rfe1 Ne5 15. Qd1 h6 16. Bh4 Qb6 17. b3 Nh5 18. Qc2 Qa5 19. Bf1 Nf3+ 20. gxf3 Bxc3 21. Rxe8+ Rxe8 22. Rd1 Bd4 23. Kh2 Re1 24. Rxe1 Qxe1 25. Qe2 Be5+ 26. Kh1 Qxe2 27. Bxe2 g5 28. Bd3 gxh4 29. Bf5 b5 30. Bc8 bxc4 31. bxc4 a5 32. Bf5 Nf4 33. Kg1 Kg7 34. Kf1 Kf6 0-1


[Site "https://www.chess.com"]

[Event "Titled Tuesday Blitz June 20 Late 2023"]
[White "Dilmukhametov, Artur"]
[Black "Rostomyan, Mikayel"]
[WhiteFideId "24179922"]
[BlackFideId "13313754"]
[WhiteElo "2242"]
[BlackElo "2061"]
[Result "1-0"]
[Round "5"]
[TimeControl "180+2"]
[Date "2023.06.20"]
[WhiteClock "0:01:11"]
[BlackClock "0:00:02"]
[Board "67"]

1. d4 d5 2. Nc3 Nf6 3. Bf4 c5 4. e3 cxd4 5. exd4 a6 6. Nf3 Nc6 7. Ne5 Bf5 8. g4 Bg6 9. h4 h5 10. Nxg6 fxg6 11. Bd3 Kf7 12. g5 Ng8 13. Be5 Nf6 14. gxf6 exf6 15. Bg3 Bd6 16. Qf3 Re8+ 17. Ne2 Bxg3 18. Qxg3 f5 19. O-O-O Nb4 20. Nf4 Qd6 21. a3 Nxd3+ 22. Nxd3 Qxg3 23. fxg3 Re3 24. Rhg1 Rc8 25. Kd2 Re4 26. c3 Kf6 27. Nf4 Rd8 28. Rde1 b5 29. Re3 a5 30. Rge1 Rd7 31. Rf1 a4 32. Nxd5+ Ke6 33. Nf4+ Kd6 34. Rxe4 fxe4 35. Nxg6 Kd5 36. Rf5+ Kc4 37. Kc2 Rc7 38. Ne7 e3 39. Nd5 b4 40. Nb6# 1-0


[Site "https://www.chess.com"]

[Event "Titled Tuesday Blitz June 20 Late 2023"]
[White "Bluebaum, Matthias"]
[Black "Rangel, Daniel"]
[WhiteFideId "24651516"]
[BlackFideId "2124475"]
[WhiteElo "2639"]
[BlackElo "2231"]
[Result "1-0"]
[Round "5"]
[TimeControl "180+2"]
[Date "2023.06.20"]
[WhiteClock "0:02:08"]
[BlackClock "0:00:03"]
[Board "68"]

1. d4 Nf6 2. c4 e6 3. Nc3 d5 4. cxd5 exd5 5. Bf4 c6 6. e3 Bd6 7. Bxd6 Qxd6 8. Bd3 O-O 9. Nge2 Re8 10. Qd2 Nbd7 11. f3 c5 12. O-O-O c4 13. Bc2 Rb8 14. e4 dxe4 15. fxe4 Ng4 16. e5 Qh6 17. Qxh6 Nxh6 18. h3 b5 19. g4 g6 20. Rhf1 Bb7 21. Rf2 b4 22. Nb5 Re7 23. Nd6 Bd5 24. Nf4 Be6 25. d5 b3 26. Bb1 Nxe5 27. dxe6 g5 28. exf7+ Nhxf7 29. Nd5 Re6 30. Nxf7 Nxf7 31. Nc3 Re3 32. Bxh7+ Kg7 33. Rd7 Rd8 34. Rfxf7+ Kh6 35. Rf6# 1-0


[Site "https://www.chess.com"]

[Event "Titled Tuesday Blitz June 20 Late 2023"]
[White "whiteglovethief"]
[Black "Sadhwani, Raunak"]
[BlackFideId "35093487"]
[WhiteElo "2517"]
[BlackElo "2631"]
[Result "0-1"]
[Round "5"]
[TimeControl "180+2"]
[Date "2023.06.20"]
[WhiteClock "0:00:00"]
[BlackClock "0:00:27"]
[Board "69"]

1. d4 Nf6 2. c4 d6 3. Nc3 Nbd7 4. e4 e5 5. Nf3 Be7 6. d5 O-O 7. Bd3 Nc5 8. Bc2 a5 9. O-O Bg4 10. h3 Bh5 11. a3 a4 12. Be3 b6 13. Bxc5 bxc5 14. Bxa4 Qb8 15. Bc6 Qxb2 16. Nb5 Nxe4 17. g4 Bg6 18. Rb1 Qa2 19. Ra1 Qb2 20. Rb1 Nxf2 21. Rxb2 Nxd1 22. Rxd1 Ra5 23. Nh4 Bxh4 24. Nxc7 Rxa3 25. Ne8 e4 26. Kh2 Bg3+ 27. Kg2 Be5 28. Re2 Rg3+ 29. Kf2 Rxh3 30. Rb1 e3+ 31. Kg2 Rg3+ 32. Kf1 Bxb1 0-1


[Site "https://www.chess.com"]

[Event "Titled Tuesday Blitz June 20 Late 2023"]
[White "Indjic, Aleksandar"]
[Black "Srdanovic, Jovana"]
[WhiteFideId "911925"]
[BlackFideId "954810"]
[WhiteElo "2614"]
[BlackElo "2155"]
[Result "1-0"]
[Round "5"]
[TimeControl "180+2"]
[Date "2023.06.20"]
[WhiteClock "0:01:05"]
[BlackClock "0:00:03"]
[Board "70"]

1. d4 d5 2. c4 c6 3. Nf3 Nf6 4. Qc2 dxc4 5. e4 b5 6. b3 cxb3 7. axb3 Bb7 8. Bd3 a6 9. Bd2 e6 10. O-O Nbd7 11. Ba5 Qb8 12. b4 e5 13. Nbd2 Bd6 14. Nb3 O-O 15. h3 Re8 16. Nc5 exd4 17. Nxd4 Nxc5 18. bxc5 Be5 19. Nf5 Bc8 20. Nd6 Bxd6 21. cxd6 Qxd6 22. Bc3 Nd7 23. Rad1 Qh6 24. f4 Nc5 25. Rf3 Nxd3 26. Qxd3 Be6 27. f5 Bc4 28. Qd4 Qg5 29. Qf2 Rad8 30. Re1 f6 31. Rg3 Qh6 32. Ree3 Rd1+ 33. Kh2 Red8 34. Rg4 R1d3 35. Reg3 Rxg3 36. Qxg3 Rd3 37. Qb8+ Kf7 38. Qc7+ Kf8 39. Bb4+ Kg8 40. Qc8+ Kf7 41. Qf8# 1-0


[Site "https://www.chess.com"]

[Event "Titled Tuesday Blitz June 20 Late 2023"]
[White "The_Sherman_Variation"]
[Black "Licznerski, Lukasz"]
[BlackFideId "1179250"]
[WhiteElo "2513"]
[BlackElo "2453"]
[Result "0-1"]
[Round "5"]
[TimeControl "180+2"]
[Date "2023.06.20"]
[WhiteClock "0:00:12"]
[BlackClock "0:00:02"]
[Board "71"]

1. Nf3 Nf6 2. b3 d5 3. Bb2 Bg4 4. e3 e6 5. c4 Bd6 6. h3 Bxf3 7. Qxf3 Nbd7 8. Be2 Qe7 9. O-O O-O 10. d4 c6 11. Bd3 e5 12. dxe5 Nxe5 13. Qe2 Rfd8 14. cxd5 Nxd5 15. Bc2 Nb4 16. Nc3 Ned3 17. Bxd3 Nxd3 18. Rad1 Nxb2 19. Qxb2 Be5 20. Qc2 Qc5 21. Rc1 Qxc3 22. Qxc3 Bxc3 23. Rxc3 Rd2 24. a4 Rad8 25. Ra1 Rb2 26. e4 Rdd2 27. Rf3 Kf8 28. a5 Ra2 29. Rxa2 Rxa2 30. b4 Rb2 31. a6 bxa6 32. Ra3 Rxb4 33. Rxa6 Rxe4 34. Rxc6 Re8 35. Ra6 Ra8 36. f4 Ke7 37. Kf2 Kd7 38. Ke3 Kc7 39. Ke4 Kb7 40. Ra1 a5 41. Ke5 a4 42. Kd6 Kb6 43. Rb1+ Ka6 44. Ke7 Ra7+ 45. Kf8 f6 46. Kg8 h6 47. g4 Ka5 48. h4 a3 49. g5 fxg5 50. fxg5 hxg5 51. hxg5 Ka4 52. Rf1 a2 53. g6 Kb3 54. Rf3+ Kc4 55. Rf4+ Kd5 56. Rf1 a1=Q 57. Rxa1 Rxa1 58. Kxg7 Ke6 59. Kh7 Rh1+ 60. Kg8 Kf6 61. g7 Rh2 62. Kf8 Ra2 63. g8=N+ Ke6 64. Kg7 Ra7+ 65. Kg6 Ra1 66. Nh6 Rg1+ 67. Kh7 Kf6 68. Ng8+ Kf7 69. Nh6+ Kf8 70. Nf5 Rg5 71. Nh6 Ke7 72. Ng8+ Ke6 73. Nh6 Kf6 74. Ng8+ Kf5 75. Nh6+ Ke6 76. Ng8 Rg1 77. Nh6 Ke7 78. Ng8+ Kf8 79. Nh6 Rg5 80. Ng8 Rxg8 0-1


[Site "https://www.chess.com"]

[Event "Titled Tuesday Blitz June 20 Late 2023"]
[White "Xu, Yi"]
[Black "Berezin, Viktor"]
[WhiteFideId "8605564"]
[BlackFideId "14107872"]
[WhiteElo "2460"]
[BlackElo "2310"]
[Result "0-1"]
[Round "5"]
[TimeControl "180+2"]
[Date "2023.06.20"]
[WhiteClock "0:00:06"]
[BlackClock "0:00:15"]
[Board "72"]

1. d4 Nf6 2. c4 g6 3. Nc3 Bg7 4. e4 d6 5. Nf3 O-O 6. h3 Na6 7. Be2 e5 8. d5 Nc5 9. Nd2 a5 10. g4 c6 11. Qc2 a4 12. g5 Nh5 13. Bxh5 gxh5 14. Nf3 f5 15. Nh4 f4 16. Nf3 Bd7 17. Bd2 Qc8 18. Ng1 Qd8 19. h4 Be8 20. O-O-O b5 21. dxc6 b4 22. c7 Qd7 23. Nd5 b3 24. Qb1 Bg6 25. f3 a3 26. Nb6 Qxc7 27. Nxa8 Rxa8 28. bxa3 b2+ 29. Kc2 Nxe4 0-1


[Site "https://www.chess.com"]